 Dungeon Crawl Stone Soup version 0.30-a0-964-gd452b5e7fa (webtiles) character file.

Game seed: 2877500681518009273

240 vishdafish the Conjurer (level 5, -10/35 HPs)
             Began as a Demonspawn Conjurer on Mar 30, 2023.
             Mangled by Blork the orc
             ... wielding a +0 flail
              (11 damage)
             ... on level 4 of the Dungeon.
             The game lasted 00:05:07 (3690 turns).

vishdafish the Conjurer (Demonspawn Conjurer)       Turns: 3690, Time: 00:05:07

Health: -10/35     AC:  7    Str:  8    XL:     5   Next: 79%
Magic:  2/11       EV: 12    Int: 21    God:
Gold:   177        SH:  0    Dex: 11    Spells: 3/12 levels left

rFire   . . .      SeeInvis .    t - +3 short sword
rCold   . . .      Faith    .    (no shield)
rNeg    . . .      Spirit   .    v - +2 animal skin
rPois   .          Reflect  .    w - +1 helmet
rElec   .          Rampage  .    (no cloak)
rCorr   .                        s - +0 pair of gloves
Will    .....                    (no boots)
Stlth   ++                       (no amulet)
HPRegen 0.25/turn                (no ring)
MPRegen 0.12/turn                (no ring)

@: no status effects
A: powered by death 3
a: no special abilities


You were on level 4 of the Dungeon.
You visited 1 branch of the dungeon, and saw 4 of its levels.

You collected 177 gold pieces.

Inventory:

Hand Weapons
 g - a +0 dagger
 t - a +3 short sword (weapon)
Armour
 a - a +0 robe
 l - an orb of mayhem
 s - a +0 pair of gloves (worn)
 v - a +2 animal skin (worn)
 w - a +1 helmet (worn)
Jewellery
 r - an amulet of faith
Scrolls
 b - a scroll of butterflies {unknown}
 h - a scroll of teleportation {unknown}
 i - 4 scrolls of identify {unknown}
 j - a scroll of enchant weapon {unknown}
 m - 2 scrolls of poison {unknown}
 n - a scroll of vulnerability {unknown}
 o - 2 scrolls of fear {unknown}
 p - a scroll of blinking {unknown}
 q - a scroll of immolation {unknown}
 u - a scroll of noise {unknown}
 x - a scroll of fog {unknown}
Potions
 c - 3 potions of curing {unknown}
 d - 3 potions of brilliance {unknown}
 e - 2 potions of degeneration {unknown}
 f - a potion of might {unknown}
 k - a potion of heal wounds {unknown}


   Skills:
 - Level 1.7 Dodging
 - Level 1.7 Stealth
 + Level 4.2 Spellcasting
 + Level 5.7 Conjurations


You had 3 spell levels left.
You knew the following spells:

 Your Spells              Type           Power      Damage    Failure   Level
a - Magic Dart            Conj           100%       1d8       1%          1
b - Fulminant Prism       Conj/Hex       8%         3d7       34%         4
c - Iskenderun's Mystic   Conj/Tloc      16%        2d5       34%         4

Your spell library contained the following spells:

 Spells                   Type           Power      Damage    Failure   Level
 Searing Ray              Conj           56%        2d6       1%          2
 Dazzling Flash           Conj/Hex       32%        N/A       11%         3
 Hailstorm                Conj/Ice       16%        3d6       11%         3
 Freeze                   Ice            16%        1d4       12%         1
 Necrotise                Necr           16%        1d4       12%         1
 Frozen Ramparts          Ice            8%         1d2       34%         3
 Vampiric Draining        Necr           4%         2d6       34%         3
 Agony                    Necr           4%         N/A       97%         5


Dungeon Overview and Level Annotations

Branches:
Dungeon (4/15)
 Temple: D:4-7

Altars:

Annotations:
D:3 1 runed translucent door, Crazy Yiuf
D:4 Blork the orc


Innate Abilities, Weirdness & Mutations

You regenerate a lot of health from kills.


Message History

The magic dart hits Blork the orc.
Blork the orc is lightly wounded.
The magic dart hits Blork the orc.
Blork the orc is moderately wounded.
The magic dart hits Blork the orc.
Blork the orc is heavily wounded.
Blork the orc points at you and mumbles some strange words.
The puff of flame hits you.
The magic dart hits Blork the orc.
Blork the orc is heavily wounded.
Blork the orc mumbles some strange words.
Blork the orc seems to speed up.
The magic dart hits Blork the orc.
Blork the orc is heavily wounded.
Blork the orc barely misses you.
The magic dart hits Blork the orc but does no damage.
Blork the orc is heavily wounded.
Blork the orc hits you with a +0 flail.
Blork the orc screams, "I'll cover the dungeon with your blood!"
Blork the orc closely misses you.
The magic dart hits Blork the orc.
Blork the orc is severely wounded.
Blork the orc hits you with a +0 flail.
The magic dart hits Blork the orc.
Blork the orc is severely wounded.
Blork the orc hits you with a +0 flail! Blork the orc closely misses you.
The magic dart hits Blork the orc.
Blork the orc is severely wounded.
Blork the orc hits you with a +0 flail!
You are too injured to fight recklessly!
Aiming: Magic Dart (safe; 1% risk of failure)
Press: ? - help, Q - select action Shift-Dir - straight line, f/p - Blork the orc
Aim: Blork the orc, wielding a +0 flail and wearing a +2 robe (severely wounded, fast, 100% to hit)
The magic dart hits Blork the orc.
Blork the orc is almost dead.
Blork the orc points at you and mumbles some strange words.
The puff of frost hits you!
* * * LOW HITPOINT WARNING * * *
Blork the orc hits you with a +0 flail!
You die...

#.# #.....# #.# ###...#
#.# ##...### # #.#
#......#.##### #.#
#....#.#.#.... #.#
#....#........
#####.#####....#.#.....
#...........>....o.#
#.#########.....@..#
#.# #..###.#.###. #.#
#..# #[#.... #.#
#######..###....## #.#
#..........###..## #.#
#.#####..#.#.....# #.#
#.# #..........# #.#
#.# #..........# #.#
#.# ####.#.#...#


You could see Blork the orc (fast).

Vanquished Creatures
  Terence (D:2)
  Natasha (twice) (D:2)
  Robin (D:3)
  4 gnolls (D:4)
  4 adders
  A worm (D:1)
  A dart slug (D:3)
  3 orcs
  2 bats (D:1)
  4 endoplasms
  4 giant cockroaches
  13 goblins
  9 hobgoblins
  2 jackals (D:1)
  5 kobolds
  3 quokkas
  6 ball pythons
  2 frilled lizards
  3 rats
70 creatures vanquished.

Vanquished Creatures (others)
  2 plants (D:1)
2 creatures vanquished.

Grand Total: 72 creatures vanquished

Notes
Turn   | Place    | Note
-------+----------+-------------------------------------------
     0 | D:1      | vishdafish the Demonspawn Conjurer began the quest for the
                  | Orb.
     0 | D:1      | Reached XP level 1. HP: 13/13 MP: 3/3
   398 | D:1      | Gained mutation: You regenerate a little health from kills.
                  | [demonic ancestry]
   398 | D:1      | Reached XP level 2. HP: 15/19 MP: 1/5
  1199 | D:2      | Gained mutation: You regenerate health from kills. [demonic
                  | ancestry]
  1199 | D:2      | Reached XP level 3. HP: 24/24 MP: 0/7
  1367 | D:2      | Noticed Terence
  1372 | D:2      | Killed Terence
  1561 | D:2      | Noticed Natasha
  1567 | D:2      | Killed Natasha
  1568 | D:2      | Reached skill level 5 in Conjurations
  1568 | D:2      | Reached XP level 4. HP: 22/30 MP: 2/8
  1617 | D:2      | Found a faded altar of an unknown god.
  1789 | D:2      | Noticed Natasha
  1793 | D:2      | Killed Natasha
  2292 | D:3      | Gained mutation: You regenerate a lot of health from kills.
                  | [demonic ancestry]
  2292 | D:3      | Reached XP level 5. HP: 35/35 MP: 8/10
  2329 | D:3      | Noticed Robin
  2599 | D:3      | Learned a level 4 spell: Fulminant Prism
  2604 | D:3      | Learned a level 4 spell: Iskenderun's Mystic Blast
  2632 | D:3      | Found a runed translucent door.
  2633 | D:3      | Noticed Crazy Yiuf
  2928 | D:3      | Killed Robin
  3680 | D:4      | Noticed Blork the orc
  3690 | D:4      | HP: 1/35 [Blork the orc/puff of frost (10)]
  3690 | D:4      | Mangled by Blork the orc

Illustrated notes

Levels and vault maps discovered:
D:1:      roderic_crop_circles_arrival_small, layout_basic, serial_corexii_hall,
          chequers_hall_statues_corner_a, corexii_hall_statues_x,
          nicolae_wormholes
D:2:      layout_basic, hellmonk_ecumenical_altar_pennies_from_heaven,
          minmay_fountain_box, chequers_serial_rivers_micro_e,
          item_on_display_a, uniq_natasha, uniq_terence
D:3:      layout_basic, st_stairs_6, uniq_robin, uniq_crazy_yiuf_cottage
D:4:      layout_loops_ring, lemuel_mausoleum_altar_yredelemnul,
          jmf_multi_god_temple2, uniq_blork_the_orc

Skill      XL: |  1  2  3  4  5 |
---------------+----------------+-----
Spellcasting   | 3 4 |  4.2
Conjurations   | 5 |  5.7
Dodging        | |  1.7
Stealth        | |  1.7

Action                     |  1- 3 |  4- 6 || total
---------------------------+-------+-------++-------
  Melee: Dagger            |    30 |       ||    30
         Unarmed           |     3 |       ||     3
         Short sword       |       |    13 ||    13
   Cast: Magic Dart        |    62 |   104 ||   166
    Use: Potion            |     1 |       ||     1
 Armour: Robe              |     7 |       ||     7
         Animal skin       |       |     3 ||     3
  Dodge: Dodged            |    46 |    12 ||    58

Table legend: (Time is in decaauts)
 A = Elapsed time spent in this place.
 B = Non-inter-level travel time spent in this place.
 C = Inter-level travel time spent in this place.
 D = Time resting spent in this place.
 E = Time spent auto-exploring this place.
 F = Levels seen in this place.
 G = Mean time per level.
                   A        B        C        D        E       F      G
               +--------+--------+--------+--------+--------+-----+--------+
         Total |   3691 |   3515 |    176 |      0 |   3066 |   4 |  922.8 |
       Dungeon |   3691 |   3515 |    176 |      0 |   3066 |   4 |  922.8 |
               +--------+--------+--------+--------+--------+-----+--------+

Top non-repeatable levels by time:
     D:2: 1172 daAuts
     D:1: 1156 daAuts
     D:3: 1006 daAuts
     D:4: 355 daAuts
